 Dungeon Crawl Stone Soup version 0.30-a0-983-g7e3032bf44 (webtiles) character file.

Game seed: 16385451572951644925

85 CryoSword the Gusty (level 4, -5/33 HPs)
             Began as a Demigod Air Elementalist on Apr 1, 2023.
             Slain by Natasha (7 damage)
             ... on level 3 of the Dungeon.
             The game lasted 00:02:58 (2610 turns).

CryoSword the Gusty (Demigod Air Elementalist)      Turns: 2610, Time: 00:02:59

Health: -5/33      AC:  3    Str:  9    XL:     4   Next: 5%
Magic:  0/9        EV: 12    Int: 21    God:
Gold:   193        SH:  0    Dex: 14    Spells: 3/6 levels left

rFire   . . .      SeeInvis .    o - +0 spear
rCold   . . .      Faith    .    (no shield)
rNeg    . . .      Spirit   .    a - +0 robe
rPois   .          Reflect  .    (no helmet)
rElec   .          Rampage  .    (no cloak)
rCorr   .                        (no gloves)
Will    .....                    l - +0 pair of boots
Stlth   ++                       (no amulet)
HPRegen 0.25/turn                (no ring)
MPRegen 0.11/turn                (no ring)

@: no status effects
A: high MP 1, forlorn, divine attributes
a: no special abilities


You were on level 3 of the Dungeon.
You visited 1 branch of the dungeon, and saw 3 of its levels.

You collected 193 gold pieces.

Inventory:

Hand Weapons
 o - a +0 spear (weapon)
   (You found it on level 2 of the Dungeon)
Missiles
 r - 2 boomerangs
 u - 4 poisoned darts
Armour
 a - a +0 robe (worn)
 l - a +0 pair of boots (worn)
   (You found it on level 1 of the Dungeon)
Wands
 e - a wand of light (11)
   (You found it on level 2 of the Dungeon)
Scrolls
 g - a scroll of vulnerability {unknown}
 i - a scroll of acquirement {unknown}
 j - a scroll of immolation {unknown}
 k - 2 scrolls of teleportation {@r4}
 n - a scroll of amnesia {unknown}
 q - a scroll of enchant weapon {unknown}
 s - a scroll of magic mapping {unknown}
Potions
 b - 2 potions of magic
 c - a potion of mutation {!q}
 d - a potion of heal wounds {unknown}
 f - a potion of curing {unknown}
 h - a potion of flight {unknown}
 m - a potion of attraction {unknown}
 p - a potion of might {unknown}
 t - a potion of degeneration {unknown}


   Skills:
 + Level 0.2 Fighting
 + Level 0.2 Polearms
 - Level 1.7 Dodging
 - Level 1.7 Stealth
 - Level 1.7 Spellcasting
 * Level 2.6 Conjurations
 * Level 3.7 Air Magic


You had 3 spell levels left.
You knew the following spells:

 Your Spells              Type           Power      Damage    Failure   Level
a - Shock                 Conj/Air       60%        1d6       4%          1
b - Static Discharge      Conj/Air       30%        2-4/arc   6%          2

Your spell library contained the following spells:

 Spells                   Type           Power      Damage    Failure   Level
 Swiftness                Air            17%        N/A       10%         3
 Airstrike                Air            8%         2d(2-18)  32%         4
 Iskenderun's Battlesphe  Conj           12%        2d7       82%         5
 Iron Shot                Conj/Erth      3%         9d2       100%        6
 Spellforged Servitor     Conj/Summ      3%         N/A       100%        7


Dungeon Overview and Level Annotations

Branches:
Dungeon (3/15)

Annotations:
D:3 Natasha


Innate Abilities, Weirdness & Mutations

You have an increased reservoir of magic. (+10% MP)
You shall have no god before yourself.
Your divine heritage dramatically boosts your attributes as you level up.


Message History

Unknown command.
Your magical contamination has completely faded away.
There is an open door here.
Could not explore, unopened door.
Could not explore, unopened door.
You open the door.
An endoplasm comes into view.
There is an open door here.
An endoplasm is nearby!
An endoplasm is nearby!
Aim: an endoplasm (asleep, 100% to hit)
The zap hits the endoplasm.
Aim: an endoplasm (heavily wounded, 98% to hit)
The zap hits the endoplasm.
You kill the endoplasm!
Found a stone staircase leading up.
There is an open door here.
A ball python comes into view.
A ball python is nearby!
Aim: a ball python (wandering, hasn't noticed you, 68% to hit)
The zap misses the ball python.
The zap hits the ball python.
You kill the ball python!
You can't see any susceptible monsters within range! (Use Z to cast anyway.) Unknown command.
There is an open door here.
You now have 146 gold pieces (gained 13).
Could not explore, unopened door.
Could not explore, unopened door.
You open the door.
Found a scroll labelled LUEZOAHARR.
There is an open door here.
q - a scroll labelled LUEZOAHARR
There is an open door here.
Found a stone staircase leading up.
You see here an adder skeleton.
You see here a +0 short sword.
There is an open door here.
Done exploring.
Done exploring.
There is a stone staircase leading down here.
You climb downwards.
Found a long sword.
There is a stone staircase leading up here.
An orc comes into view. It is wielding a +0 hand axe.
An orc is nearby!
An orc is nearby!
Aim: an orc, wielding a +0 hand axe, wearing a +0 leather armour and quivering boomerangs (wandering, hasn't noticed you, 71% to hit)
The zap hits the orc.
The orc shouts!
The orc throws a boomerang.
The boomerang hits you.
Aim: an orc, wielding a +0 hand axe, wearing a +0 leather armour and quivering boomerangs (moderately wounded, 71% to hit)
The zap hits the orc but does no damage.
Aim: an orc, wielding a +0 hand axe, wearing a +0 leather armour and quivering boomerangs (moderately wounded, 71% to hit)
The zap hits the orc.
Aim: an orc, wielding a +0 hand axe, wearing a +0 leather armour and quivering boomerangs (heavily wounded, 71% to hit)
The zap hits the orc.
You kill the orc!
You have reached level 4!
A frilled lizard comes into view.
A frilled lizard is nearby!
A frilled lizard is nearby!
Found 18 gold pieces.
You see here a +0 long sword.
Aim: a frilled lizard (wandering, hasn't noticed you, 53% to hit)
The zap hits the frilled lizard.
You kill the frilled lizard!
r - 2 boomerangs
Things that are here:
a +0 hand axe; a +0 leather armour; an orc corpse
s - a scroll labelled BEWNOE IGGILU
Found a hand axe.
You now have 164 gold pieces (gained 18).
Found a stone staircase leading up.
Found an escape hatch in the ceiling.
You now have 167 gold pieces (gained 3).
You now have 181 gold pieces (gained 14).
Found 5 stones.
t - a fizzy orange potion You now have 193 gold pieces (gained 12).
A kobold comes into view.
It is wielding a +0 short sword and quivering poisoned darts.
A kobold is nearby!
A kobold is nearby!
Aim: a kobold, wielding a +0 short sword and quivering poisoned darts (asleep, 100% to hit)
The zap hits the kobold.
The kobold shouts!
No target in view!
No target in view!
A kobold is nearby!
Aim: a kobold, wielding a +0 short sword and quivering poisoned darts (severely wounded, 64% to hit)
The zap hits the kobold.
You kill the kobold!
u - 4 poisoned darts You see here a +0 short sword.
Found an escape hatch in the floor.
A quokka and a giant cockroach come into view.
Found a bronze wand.
The quokka moves out of view.
A giant cockroach is nearby!
Natasha, Servant of Life and Death comes into view.
Natasha hisses angrily.
Aim: a giant cockroach (71% to hit)
The zap hits the giant cockroach.
Natasha casts a spell at you. The magic dart hits you.
Aim: a giant cockroach (almost dead, 71% to hit)
The zap misses the giant cockroach.
Aim: a giant cockroach (almost dead, 71% to hit)
The zap hits the giant cockroach.
You kill the giant cockroach!
Aim: Natasha (64% to hit)
The zap hits Natasha.
Aim: Natasha (64% to hit)
The zap misses Natasha.
Natasha mumbles some strange words.
You reach to attack!
You closely miss Natasha.
Natasha casts a spell.
You reach to attack!
You closely miss Natasha.
Natasha mumbles some strange words.
The crimson imp blinks!
Aim: Natasha (64% to hit)
The zap hits the crimson imp but does no damage.
The zap hits Natasha.
The zap hits the white imp.
Natasha claws you.
The crimson imp blinks!
Aim: Natasha (lightly wounded, 64% to hit)
The zap hits Natasha but does no damage.
The zap hits the white imp.
The white imp gestures at you. The puff of frost hits you.
Natasha closely misses you.
You hit Natasha but do no damage. The white imp gestures at you.
The puff of frost hits you! Natasha completely misses you.
The crimson imp is struck by an arc of lightning.
You are struck by an arc of lightning.
* * * LOW HITPOINT WARNING * * *
The lightning grounds out.
Natasha is struck by an arc of lightning.
You are struck by an arc of lightning.
* * * LOW HITPOINT WARNING * * *
Natasha is struck by an arc of lightning.
You are struck by an arc of lightning.
* * * LOW HITPOINT WARNING * * *
The lightning grounds out.
The crimson imp hits you but does no damage.
Natasha barely misses you.
Aim: Natasha (heavily wounded, 64% to hit)
The zap misses Natasha.
The zap hits the crimson imp.
The white imp gestures at you. The puff of frost hits you!
* * * LOW HITPOINT WARNING * * *
Natasha claws you!
You die...

.####.# .####.#
.##...# .##.#.#######
.##.#.....(..
......######. ###....#
#.####### ####.#
#..>..h5#####
####.########5@.5.....
#.......#####.##†##.##
#.##.##.#.....# .. #
#.##.#.....# ...
..##...)...# /..
#######.....# ..
#......... .
#########.


You could see Natasha, 2 crimson imps and a white imp (summoned).

Vanquished Creatures
  4 adders (D:2)
  A worm (D:2)
  A dart slug (D:1)
  An orc (D:3)
  6 bats
  3 endoplasms
  3 giant cockroaches
  A goblin (D:1)
  2 hobgoblins (D:1)
  3 quokkas (D:2)
  3 ball pythons
  3 frilled lizards
  8 kobolds
39 creatures vanquished.

Notes
Turn   | Place    | Note
-------+----------+-------------------------------------------
     0 | D:1      | CryoSword the Demigod Air Elementalist began the quest for
                  | the Orb.
     0 | D:1      | Reached XP level 1. HP: 14/14 MP: 5/5
    35 | D:1      | Reached skill level 1 in Conjurations
   309 | D:1      | Reached skill level 3 in Air Magic
   383 | D:1      | Reached XP level 2. HP: 20/20 MP: 4/7
  1478 | D:2      | Reached XP level 3. HP: 24/26 MP: 3/8
  1481 | D:2      | Learned a level 2 spell: Static Discharge
  2460 | D:3      | Reached XP level 4. HP: 32/33 MP: 4/9
  2598 | D:3      | Noticed Natasha
  2610 | D:3      | Slain by Natasha

Illustrated notes

Levels and vault maps discovered:
D:1:      kennysheep_arrival_forest, layout_basic
D:2:      layout_basic, chequers_ecumenical_altar_simple_redux
D:3:      layout_loops_cross, uniq_sigmund, uniq_natasha

Skill      XL: |  1  2 |
---------------+-------+-----
Conjurations   | 1 2 |  2.6
Air Magic      | 3 |  3.7
Fighting       | |  0.2
Polearms       | |  0.2
Dodging        | |  1.7
Stealth        | |  1.7
Spellcasting   | |  1.7

Action                     |  1- 3 |  4- 6 || total
---------------------------+-------+-------++-------
  Melee: Dagger            |     2 |       ||     2
         Spear             |     9 |     3 ||    12
   Cast: Shock             |    86 |    11 ||    97
         Static Discharge  |     4 |     1 ||     5
    Use: Scroll            |     2 |       ||     2
 Armour: Robe              |     6 |     1 ||     7
  Dodge: Dodged            |    20 |     3 ||    23

Table legend: (Time is in decaauts)
 A = Elapsed time spent in this place.
 B = Non-inter-level travel time spent in this place.
 C = Inter-level travel time spent in this place.
 D = Time resting spent in this place.
 E = Time spent auto-exploring this place.
 F = Levels seen in this place.
 G = Mean time per level.
                   A        B        C        D        E       F      G
               +--------+--------+--------+--------+--------+-----+--------+
         Total |   2609 |   2586 |     23 |      0 |   2297 |   3 |  869.7 |
       Dungeon |   2609 |   2586 |     23 |      0 |   2297 |   3 |  869.7 |
               +--------+--------+--------+--------+--------+-----+--------+

Top non-repeatable levels by time:
     D:1: 1439 daAuts
     D:2: 1013 daAuts
     D:3: 156 daAuts
